 Dungeon Crawl Stone Soup version 0.31.0-32-g396128a36d (webtiles) character file.

Game seed: 5795164126867465077

18 KennySheep the Sneak (level 2, 0/18 HPs)
             Began as a Deep Elf Delver on Apr 9, 2024.
             Was an Initiate of Sif Muna.
             Succumbed to an adder's poison
             ... on level 3 of the Dungeon.
             The game lasted 00:04:20 (516 turns).

KennySheep the Sneak (Deep Elf Delver)               Turns: 516, Time: 00:04:21

Health: 0/18       AC:  3    Str:  9    XL:     2   Next: 51%
Magic:  5/6        EV: 12    Int: 14    God:    Sif Muna [......]
Gold:   0          SH:  0    Dex: 16    Spells: 4/4 levels left

rFire   . . .        a - +0 short sword
rCold   . . .        (no shield)
rNeg    . . .        b - +0 leather armour
rPois   .            (no helmet)
rElec   .            (no cloak)
rCorr   .            (no gloves)
SInv    .            (no boots)
Will    +....        (no amulet)
Stlth   +++          (no ring)
HPRegen 0.23/turn    (no ring)
MPRegen 0.10/turn

%: no passive effects
@: lethally poisoned (0 -> -2), enlightened, flying
A: no striking features
a: Renounce Religion


You were on level 3 of the Dungeon.
You worshipped Sif Muna.
Sif Muna was noncommittal.
You visited 1 branch of the dungeon, and saw 3 of its levels.

Inventory:

Hand Weapons
 a - a +0 short sword (weapon)
Armour
 b - a +0 leather armour (worn)
Wands
 g - a wand of digging (3)
Scrolls
 c - a scroll of fog


   Skills:
 - Level 2.4 Fighting
 - Level 2.0 Short Blades
 + Level 3.0 Dodging
 + Level 6.3 Stealth
 + Level 1.5 Spellcasting


You had 4 spell levels left.
You didn't know any spells.
Your spell library was empty.

Dungeon Overview and Level Annotations

Branches:
Dungeon (5/15)             Temple (0/1) D:4

Altars:
Sif Muna

Annotations:
D:4 exclusions: door and hound


Message History

The adder barely misses you.
It was a potion of enlightenment.
You feel very buoyant.
You fly up into the air.
The adder bites you but does no damage.
You miss the adder. Your punch misses the adder. The adder bites you.
You are poisoned.
The adder poisons you!
You miss the adder.
You feel sick. The adder misses you.
You hit the adder.
The adder is heavily wounded.
You feel sick. The adder bites you.
You are more poisoned.
The adder poisons you! The adder closely misses you.
You hit the adder.
The adder is almost dead.
You feel sick. The adder bites you.
You aren't carrying any potions.
Unknown command.
As you read the scroll labelled ERRIN SAZE, it crumbles to dust.
It is a scroll of identify.
You don't currently have any unidentified items.
* * * LOW HITPOINT WARNING * * *
You feel sick. The adder bites you but does no damage.
You hit the adder.
You kill the adder!
Sif Muna accepts your kill.
* * * LOW HITPOINT WARNING * * *
You feel sick.
Your Dodging skill increases to level 3!
* * * LOW HITPOINT WARNING * * *
You feel sick.
You see here an adder corpse.
A rat comes into view.
* * * LOW HITPOINT WARNING * * *
You feel sick.
* * * LOW HITPOINT WARNING * * *
You feel sick.
* * * LOW HITPOINT WARNING * * *
You feel sick.
You die...

...... #.# ..
...... #.# ...
.....##.#####...
........†.......
....#...........
# #..†.......r
####..#####
##..## ##.@#
##..# ##+#


There were no monsters in sight!

Vanquished Creatures
  An adder (D:3)
  A dart slug (D:4)
  An orc (D:4)
  An endoplasm (D:4)
  A hobgoblin (D:4)
  A quokka (D:4)
  A bat (D:3)
7 creatures vanquished.

Notes
Turn   | Place    | Note
-------+----------+-------------------------------------------
     0 | D:5      | KennySheep the Deep Elf Delver began the quest for the Orb.
     0 | D:5      | Reached XP level 1. HP: 13/13 MP: 3/3
     9 | D:5      | Found a shimmering blue altar of Sif Muna.
    20 | D:5      | Became a worshipper of Sif Muna the Loreminder
    53 | D:4      | Noticed a hound
   106 | D:4      | Found a staircase to the Ecumenical Temple.
   411 | D:4      | Noticed a phantom
   452 | D:4      | Reached skill level 1 in Spellcasting
   455 | D:4      | Reached XP level 2. HP: 18/18 MP: 5/5
   516 | D:3      | Succumbed to an adder's poison

Illustrated notes

Levels and vault maps discovered:
D:3:      minmay_thinvault, layout_basic, bloody_makhleb, uniq_grinder,
          uniq_terence, uniq_ijyb
D:4:      minmay_chambers_of_twos, layout_loops_corners,
          minmay_temple_entry_statues_fountains
D:5:      layout_basic, mainiacjoe_overflow_24_doors, serial_shops, shop,
          hangedman_decor_peaks_small, minmay_crystal_room,
          serial_library_hellmonk_hallway_b, uniq_menkaure, uniq_eustachio

Skill      XL: |  1  2 |
---------------+-------+-----
Spellcasting   | 1 |  1.5
Dodging        | 3 |  3.0
Fighting       | |  2.4
Short Blades   | |  2.0
Stealth        | |  6.3

Action                     || total
---------------------------++-------
  Melee: Short sword       ||    31
    Use: Scroll            ||     3
         Potion            ||     3
   Stab: Sleeping          ||     2
 Armour: Leather armour    ||    13
  Dodge: Dodged            ||    14
